 Dungeon Crawl Stone Soup version 0.30.1-3-gfc49f6343a (webtiles) character file.

Game seed: 12975310811425300814

1562 Fodor the Covered (level 8, -1/69 HPs)
             Began as a Minotaur Fighter on Aug 6, 2023.
             Slain by an orc wizard
             ... wielding a +2 dagger of flaming
              (3 damage)
             ... on level 6 of the Dungeon.
             The game lasted 00:26:55 (4808 turns).

Fodor the Covered (Minotaur Fighter)                Turns: 4808, Time: 00:26:56

Health: -1/69      AC: 10    Str: 24    XL:     8   Next: 58%
Magic:  7/7        EV: 11    Int:  3    God:
Gold:   106        SH:  5    Dex:  9    Spells: 7/7 levels left

rFire   . . .        D - +2 spear (heavy)
rCold   . . .        c - +0 buckler
rNeg    . . .        b - +0 scale mail
rPois   .            (helmet restricted)
rElec   .            (no cloak)
rCorr   .            (no gloves)
SInv    .            B - +1 pair of boots
Will    +....        (no amulet) Stlth
                     w - ring of willpower
HPRegen 0.31/turn    (no ring)
MPRegen 0.10/turn

%: no passive effects
@: no status effects
A: horns 2, retaliatory headbutt, talons 1, dopey 1
a: no special abilities


You were on level 6 of the Dungeon.
You visited 1 branch of the dungeon, and saw 6 of its levels.

You collected 306 gold pieces.
You spent 200 gold pieces at shops.

Inventory:

Hand Weapons
 k - a +0 shortbow
 D - a +2 heavy spear (weapon)
Missiles
 m - 12 poisoned darts (quivered)
 n - 6 boomerangs
 t - 3 curare-tipped darts
Armour
 b - a +0 scale mail (worn)
 c - a +0 buckler (worn)
 g - a +2 pair of gloves of infusion
 B - a +1 pair of boots (worn)
Jewellery
 w - a ring of willpower (left hand)
Wands
 h - a wand of polymorph (11)
 v - a wand of digging (3)
Scrolls
 e - a scroll of fog
 i - 3 scrolls of teleportation
 j - 2 scrolls of amnesia
 l - a scroll of noise
 p - a scroll of summoning
 r - a scroll of brand weapon
 x - a scroll of vulnerability
 y - 2 scrolls of identify
 F - a scroll of magic mapping {unknown}
Potions
 a - a potion of flight {unknown}
 d - 2 potions of might
 f - 2 potions of degeneration
 o - 4 potions of mutation
 q - a potion of cancellation {unknown}
 s - a potion of berserk rage
 u - 4 potions of brilliance
 z - 2 potions of curing {unknown}
 A - 3 potions of heal wounds {unknown}
 C - a potion of lignification {unknown}
 E - a potion of ambrosia


   Skills:
 + Level 5.5 Fighting
 + Level 5.5 Long Blades
 + Level 4.5 Polearms
 + Level 2.5 Throwing
 + Level 7.2 Armour
 + Level 4.0 Dodging
 + Level 0.4 Stealth
 + Level 6.3 Shields


You had 7 spell levels left.
You didn't know any spells.
Your spell library contained the following spells:

 Spells                   Type           Power      Damage    Failure   Level
 Blink                    Tloc           0%         N/A       94%         2
 Lesser Beckoning         Tloc           0%         N/A       94%         2
 Momentum Strike          Conj/Tloc      0%         3d8       94%         2
 Petrify                  Tmut/Erth      0%         N/A       100%        4
 Metabolic Englaciation   Hex/Ice        0%         N/A       100%        5
 Statue Form              Tmut/Erth      0%         N/A       100%        6


Dungeon Overview and Level Annotations

Branches:
Dungeon (6/15)
 Temple: D:4-7

Altars:
Hepliaklqana
Okawaru
Trog
Uskayaw
Vehumet

Shops:
D:2 =   D:4 ?*(:[


Innate Abilities, Weirdness & Mutations

You have a pair of horns on your head.
You reflexively headbutt those who attack you in melee.
You have sharp toenails.
You are dopey. (Int -2)


Message History

* * * LOW HITPOINT WARNING * * *
Items here: )) ††.
The white imp hits you but does no damage.
You completely miss the white imp. You headbutt the white imp.
The white imp is severely wounded.
Something hits you.
* * * LOW HITPOINT WARNING * * *
Something burns you.
* * * LOW HITPOINT WARNING * * *
The white imp hits you.
* * * LOW HITPOINT WARNING * * *
The white imp freezes you.
* * * LOW HITPOINT WARNING * * *
You puncture the white imp!
You kill the white imp!
Something hits you but does no damage. Something hits you but does no damage.
A hound comes into view.
The hound barks!
An orc priest comes into view. It is wielding a +0 short sword.
You hit something. Your headbutt misses something.
Something hits you but does no damage.
An orc comes into view. It is wielding a +0 hand axe.
Something hits you but does no damage.
You barely miss something.
The orc shouts!
Your headbutt misses something. The hound bites you but does no damage.
Something hits you but does no damage. The hound bites you but does no damage.
You closely miss something. The hound barely misses you.
You furiously retaliate!
You headbutt the hound, but do no damage.
You hear some strange, mumbled words.
A puff of flame appears from out of thin air!
The puff of flame hits you!
* * * LOW HITPOINT WARNING * * *
The hound bites you but does no damage.
It was a potion of mutation.
You feel extremely strange.
Your toenails lengthen and sharpen.
You feel stupid. Something hits you.
You die...

.. ... .....
#o#.. #.#.#
.... .o# #h# #
#@#.# ###{#.#
#.# #.....# #.#
#.#.### #.#
#.#)# #.#
#.#.#########.#
#.............#
#...#########.#
#.............#


You could see a hound, an orc priest and an orc.

Vanquished Creatures
  Sigmund (D:5)
  Eustachio (D:4)
  3 ogres (D:5)
  A centaur (D:5)
  A phantom (D:4)
  2 bullfrogs
  2 howler monkeys
  2 hounds (D:5)
  2 orc priests
  An iguana (D:5)
  2 sleepcaps (D:5)
  6 orc wizards
  Robin (D:2)
  4 gnolls (D:4)
  13 adders
  A white imp (D:6)
  A worm (D:2)
  2 dart slugs
  16 orcs
  7 endoplasms
  A giant cockroach (D:4)
  10 hobgoblins
  3 jackals (D:4)
  5 kobolds
  4 quokkas
  8 ball pythons
  10 bats
  4 frilled lizards
  10 goblins
  5 rats
129 creatures vanquished.

Notes
Turn   | Place    | Note
-------+----------+-------------------------------------------
     0 | D:1      | Fodor the Minotaur Fighter began the quest for the Orb.
     0 | D:1      | Reached XP level 1. HP: 19/19 MP: 0/0
   191 | D:1      | Reached XP level 2. HP: 27/27 MP: 1/1
   484 | D:1      | Reached skill level 4 in Armour
   723 | D:2      | Reached XP level 3. HP: 29/33 MP: 2/2
   826 | D:2      | Noticed Robin
   853 | D:2      | Killed Robin
  1111 | D:2      | Reached skill level 1 in Dodging
  1111 | D:2      | Reached XP level 4. HP: 27/40 MP: 3/3
  1318 | D:2      | Found Hagaetriod's Jewellery Shop.
  1379 | D:2      | Found a faded altar of an unknown god.
  1555 | D:3      | Reached skill level 1 in Throwing
  1561 | D:3      | Reached XP level 5. HP: 4/47 MP: 4/4
  2341 | D:3      | Found a hazy altar of Hepliaklqana.
  2346 | D:3      | Reached skill level 5 in Long Blades
  2619 | D:4      | Noticed Eustachio
  2893 | D:4      | Reached XP level 6. HP: 27/53 MP: 5/5
  3131 | D:4      | Found an iron altar of Okawaru.
  3133 | D:4      | Found a hide-covered altar of Uskayaw.
  3201 | D:4      | Found Qium's Vocational Training.
  3206 | D:4      | Found Wit Seij's General Store.
  3216 | D:4      | Bought a potion of brilliance for 44 gold pieces
  3216 | D:4      | Bought a scroll of identify for 22 gold pieces
  3216 | D:4      | Bought a scroll of identify for 22 gold pieces
  3216 | D:4      | Bought a potion of ambrosia for 88 gold pieces
  3254 | D:4      | Found Ytafexy's Magic Scroll Boutique.
  3266 | D:4      | Bought a scroll of identify for 24 gold pieces
  3369 | D:4      | Found a bloodstained altar of Trog.
  3371 | D:4      | Found a radiant altar of Vehumet.
  3446 | D:4      | Killed Eustachio
  3447 | D:4      | Reached skill level 1 in Polearms
  3447 | D:4      | Reached skill level 5 in Armour
  3453 | D:4      | Reached skill level 5 in Fighting
  3572 | D:4      | Found Cafeim's Armour Shoppe.
  3643 | D:4      | Found Ijefrir's Antique Weapon Shoppe.
  3679 | D:4      | Reached XP level 7. HP: 54/61 MP: 6/6
  3795 | D:5      | Entered Level 5 of the Dungeon
  3889 | D:5      | Reached skill level 5 in Shields
  4283 | D:5      | Reached skill level 6 in Armour
  4319 | D:5      | Noticed Sigmund
  4328 | D:5      | Killed Sigmund
  4329 | D:5      | Reached XP level 8. HP: 60/68 MP: 7/7
  4480 | D:5      | Reached skill level 7 in Armour
  4807 | D:6      | HP: 1/69 [something/puff of flame (8)]
  4808 | D:6      | Gained mutation: You have sharp toenails. [potion of
                  | mutation]
  4808 | D:6      | Gained mutation: You are dopey. (Int -2) [potion of
                  | mutation]
  4808 | D:6      | Slain by an orc wizard

Illustrated notes

Levels and vault maps discovered:
D:1:      dpeg_arrival_pits, layout_basic, minmay_tetromino_i2
D:2:      layout_basic, serial_shops, nicolae_shop_gaudy_bauble,
          dreamdust_ecumenical_altar_angels_and_demons, moated_statue,
          eino_tiny_chamber, minmay_split_cup_large, uniq_robin
D:3:      layout_loops_ring, nicolae_hepliaklqana_hazy_memory,
          kennysheep_doodads
D:4:      layout_basic, grunt_temple_overflow_open,
          nicolae_overflow_hidden_temple, serial_shops, kennysheep_little_box,
          nicolae_shop_tiny_statue_garden, nicolae_inconvenience_store,
          nicolae_shop_hallway_stairs, nicolae_shop_vocational, uniq_duvessa,
          uniq_eustachio
D:5:      layout_basic, due_unseen_surprise, uniq_sigmund
D:6:      layout_loops_ring, minmay_temple_entry_nine_rooms,
          ebering_ghost_rock_garden, serial_shops,
          nicolae_shop_pleasant_corner_grove, kennysheep_flooded_box

Skill      XL: |  1  2  3  4  5  6  7  8 |
---------------+-------------------------+-----
Armour         | 4 5 6 7 |  7.2
Fighting       | 4 5 |  5.5
Shields        | 4 5 6 |  6.3
Long Blades    | 3 4 5 |  5.5
Dodging        | 1 2 3 4 |  4.0
Throwing       | 1 2 |  2.5
Polearms       | 1 2 4 |  4.5
Stealth        | |  0.4

Action                     |  1- 3 |  4- 6 |  7- 9 || total
---------------------------+-------+-------+-------++-------
  Melee: Long sword        |    96 |    91 |       ||   187
         Headbutt          |     8 |    25 |    12 ||    45
         Spear             |       |    69 |    97 ||   166
  Throw: Dart              |     7 |    18 |     8 ||    33
    Use: Scroll            |       |     9 |     3 ||    12
         Potion            |       |     3 |     1 ||     4
 Armour: Scale mail        |    57 |   132 |    96 ||   285
  Dodge: Dodged            |    55 |   147 |    74 ||   276
  Block: Buckler           |    33 |    47 |    38 ||   118
